[Event "*** SCC Grand Prix: Titled Tuesday Blitz"]
[Site "Chess.com"]
[Date "2020.06.23"]
[Round "10"]
[White "dpopadic"]
[Black "ElviraBerend"]
[Result "1-0"]
[WhiteElo "2363"]
[BlackElo "2470"]
[TimeControl "180+1"]
[EndTime "11:58:15 PDT"]
[Termination "dpopadic won by resignation"]

1. e4 e5 2. Nf3 Nc6 3. Bb5 Nf6 4. d3 d6 5. c3 Be7 6. O-O O-O 7.
Re1 a6 8. Ba4 b5 9. Bc2 Bb7 10.
Nbd2 Re8 11. Nf1 Bf8 12. h3 g6 13. Ng3 Bg7 14. Be3 d5 15. Qc1 a5 16. Bh6 Bh8 17. a4 b4 18. Bb3 bxc3 19. bxc3 Rb8 20. Rb1 Ba6 21. Rd1 Qd6 22. Bg5 Bg7 23. Bxf6 Bxf6 24. Bxd5 Ne7 25. Ba2 Red8 26. d4 exd4 27. cxd4 Bg7 28.
Ng5 Rxb1 29. Qxb1 Rf8 30. Qb3 Qf6 31. h4 h6 32. e5 Qf4 33. Nxf7 Kh7 34. Qe3 Qg4 35.
Rc1 c6 36. h5 Nd5 37. Bxd5 cxd5 38. hxg6+ Qxg6 39. Nd6 h5 40. Rc6 Bd3 41. e6 Bh6 42. Qe1 h4 43. Nf1 h3 44. Ng3 hxg2 45. Kxg2 Be4+ 46.
Nxe4 dxe4 47. Qxe4 Qxe4+ 48. Nxe4 Bf4 49. d5 Kg7 50. Ng3 Kf6 51. Rc5 Ke5 52. Rxa5 Kd6 53.
Rb5 Be5 54. Ne4+ Kc7 55. Rc5+ Kb7 56. Rc6 Rf4 57. Nc5+ Ka7 58. e7 1-0

[Event "*** SCC Grand Prix: Titled Tuesday Blitz"]
[Site "Chess.com"]
[Date "2020.06.23"]
[Round "10"]
[White "Firouzja2003"]
[Black "Micki-taryan"]
[Result "1/2-1/2"]
[WhiteElo "3138"]
[BlackElo "3036"]
[TimeControl "180+1"]
[EndTime "11:58:19 PDT"]
[Termination "Game drawn by repetition"]

1. e4 e5 2. Nf3 Nc6 3. Nc3 Nf6 4.
Bb5 Bb4 5. O-O O-O 6. d3 Bxc3 7. bxc3 d6 8. Bxc6 bxc6 9. Re1 c5 10. d4 cxd4 11. cxd4 exd4 12. Nxd4 Re8 13. Bg5 h6 14. Bh4 g5 15. Bg3 Rxe4 16. Qd3 Rxe1+ 17. Rxe1 Bd7 18. h4 Rb8 19. hxg5 hxg5 20. Qa3 Nd5 21. Qxa7 Nb6 22. Qa3 Qf6 23. c3 Kg7 24. Qc1 Rh8 25. Nf3 Rh5 26.
c4 Qh6 27. Nh2 Na4 28. Qa3 Nc5 29. Qa7 Ne6 30. c5 Qf6 31. cxd6 Nf4 32. dxc7 Ne2+ 33. Kh1 Nxg3+ 34. fxg3 Qc3 35. Qe3 Qxc7 36. Kg1 g4 37. Nf1 Qc5 38. Qxc5 Rxc5 39. Ne3 Be6 40. a3 Rc3 41. a4 Ra3 42. Nc2 Rxa4 43. Re2 Rc4 44.
Ne3 Re4 45. Kf2 Kg6 46. Rd2 Ra4 47. Nc2 Ra2 48. Ke3 Ra4 49. Nd4 Bd5 50. Ne2 Re4+ 51.
Kf2 Be6 52. Nf4+ Kf6 53. Re2 Ra4 54. Rd2 Rb4 55. Ne2 Ra4 56. Nf4 Rc4 57. Ne2 Rb4 58.
Nf4 Rc4 59. Ne2 Rb4 60. Nf4 Rc4 1/2-1/2

[Event "*** SCC Grand Prix: Titled Tuesday Blitz"]
[Site "Chess.com"]
[Date "2020.06.23"]
[Round "10"]
[White "alenee"]
[Black "AndreyNeves"]
[Result "1/2-1/2"]
[WhiteElo "2354"]
[BlackElo "2211"]
[TimeControl "180+1"]
[EndTime "11:58:19 PDT"]
[Termination "Game drawn by stalemate"]

1. e4 e5 2. Nf3 Nc6 3. Bb5 a6 4. Ba4 Nf6 5. O-O b5 6. Bb3 Bb7 7. Re1 Bc5 8. c3 d6 9. a4 O-O 10. d3 Bb6 11. Nbd2 Ne7 12. Nf1 Ng6 13. Ng3 c6 14. Nf5 h6 15. axb5 axb5 16. Rxa8 Bxa8 17. Be3 Bxe3 18. fxe3 Re8 19. Rf1 d5 20. Nd2 c5 21. exd5 Bxd5 22. e4 Bxb3 23. Nxb3 c4 24. dxc4 bxc4 25. Qxd8 Rxd8 26. Na5 Nxe4 27. Nxc4 f6 28. g3 Rc8 29. Ncd6 Nxd6 30. Nxd6 Rd8 31. Ne4 Ne7 32. b4 Rd3 33. Rc1 Nd5 34. b5 Re3 35. c4 Rxe4 36. cxd5 Rb4 37. Rc8+ Kf7 38. Rc7+ Ke8 39.
Rxg7 Rxb5 40. d6 f5 41. Rg6 Rd5 42. Rxh6 Kd7 43. Rf6 e4 44. Kf2 Rd2+ 45. Ke3 Rxh2 46. Rxf5 Kxd6 47. Kxe4 Ke6 48. Rf3 Rh5 49. g4 Rg5 50.
Kf4 Rg8 51. Kg3 Rg7 52. Rf4 Rf7 53. g5 Rxf4 54. Kxf4 Kf7 55. Kf5 Kg7 56. g6 Kg8 57.
Kg5 Kg7 58. Kh5 Kg8 59. Kh6 Kh8 60. g7+ Kg8 61. Kg6 1/2-1/2

[Event "*** SCC Grand Prix: Titled Tuesday Blitz"]
[Site "Chess.com"]
[Date "2020.06.23"]
[Round "10"]
[White "ARTHURMOTIVATOR"]
[Black "MuhittinBuker"]
[Result "1-0"]
[WhiteElo "2333"]
[BlackElo "1933"]
[TimeControl "180+1"]
[EndTime "11:58:20 PDT"]
[Termination "ARTHURMOTIVATOR won on time"]

1. e4 e5 2. Nf3 Nc6 3. Bc4 Nf6 4.
d3 Bc5 5. c3 d6 6. Bb3 a6 7. Nbd2 O-O 8. O-O d5 9. Qe2 dxe4 10.
dxe4 Qe7 11. Re1 Be6 12. h3 b5 13. Nf1 h6 14. Ng3 Rfe8 15. Nh4 Nd7 16. Nhf5 Qf6 17. Nh5 Qg6 18. Nhxg7 Bxf5 19. Nxf5 Bf8 20. Be3 Rad8 21. Rad1 Na5 22. Bc2 Nc4 23. Bc1 Nf6 24. b3 Nd6 25. Nxd6 Bxd6 26. Rd3 Kh7 27. Rg3 Qh5 28. Qxh5 Nxh5 29.
Rf3 Rf8 30. Rd1 Kg7 31. g3 Nf6 32. Kg2 Ng8 33. h4 Nf6 34. Bxh6+ Kxh6 35. Rxf6+ Kg7 36. Rf5 f6 37. g4 Bc5 38. Rd5 Rxd5 39. exd5 b4 40.
c4 Bd4 41. Be4 Rh8 42. Kg3 Rh6 43. g5 fxg5 44. Rxg5+ Kf8 45. Kg4 Rb6 46. Rf5+ Kg7 47. Rg5+ Kf8 48. h5 a5 49. Rf5+ Kg7 50. Rg5+ Kh6 51.
Rg8 Rd6 52. Rh8+ Kg7 53. Rh7+ Kg8 54. Rxc7 Ra6 55. Bg6 a4 56. Kf5 axb3 57. axb3 Bxf2 58. h6 1-0

[Event "*** SCC Grand Prix: Titled Tuesday Blitz"]
[Site "Chess.com"]
[Date "2020.06.23"]
[Round "10"]
[White "elamier"]
[Black "jonaszmb"]
[Result "1-0"]
[WhiteElo "2352"]
[BlackElo "2457"]
[TimeControl "180+1"]
[EndTime "11:58:22 PDT"]
[Termination "elamier won by checkmate"]

1. d4 d5 2. Nf3 Bf5 3. c4 e6 4. Qb3 Nc6 5. c5 Rb8 6. Nc3 Nf6 7. Bg5 Be7 8. e3 O-O 9. Bb5 Na5 10. Qd1 c6 11. Be2 b6 12. b4 Nc4 13. O-O b5 14.
a4 a6 15. axb5 axb5 16. Ne5 Qc7 17. Bxc4 bxc4 18. Ra6 Rxb4 19. Nxc6 Rb3 20. Nxe7+ Qxe7 21. Qd2 h6 22. Bxf6 Qxf6 23. c6 Qe7 24. h3 Qb4 25. Rc1 Rb2 26. Qe1 Rc2 27. Rxc2 Bxc2 28. Qa1 Qb8 29.
Ra7 Bf5 30. c7 Qc8 31. Nb5 Qd7 32. Ra8 e5 33. Rxf8+ Kxf8 34. Qa8+ Ke7 35. Qa3+ Kf6 36. c8=Q Qxc8 37. Qd6+ Be6 38. Qxe5+ Kg6 39. Nd6 Qd7 40. e4 c3 41. exd5 Bf5 42. Nxf5 Qxf5 43. Qg3+ Kh7 44. Qxc3 Qxd5 45. Qd3+ g6 46. g3 h5 47. h4 Kh6 48.
Qe3+ Kh7 49. Qe5 Qb3 50. d5 Qd1+ 51. Kg2 Kg8 52. d6 g5 53. Qxg5+ Kh7 54. Qf5+ Kh6 55. d7 Qd4 56. Qg5+ Kh7 57. d8=Q Qe4+ 58. Kh2 f6 59. Qdg8# 1-0

[Event "*** SCC Grand Prix: Titled Tuesday Blitz"]
[Site "Chess.com"]
[Date "2020.06.23"]
[Round "10"]
[White "Lector118"]
[Black "vpsetter"]
[Result "1/2-1/2"]
[WhiteElo "2480"]
[BlackElo "2604"]
[TimeControl "180+1"]
[EndTime "11:58:25 PDT"]
[Termination "Game drawn - insufficient material"]

1. d4 Nf6 2. c4 e6 3. g3 d5 4.
Bg2 Be7 5. Nf3 O-O 6. O-O c6 7. Nc3 b6 8. Qd3 Bb7 9. Rd1 Nbd7 10. e4 dxe4 11. Nxe4 c5 12. Nxf6+ Nxf6 13. Ne5 Bxg2 14. Kxg2 Qc7 15. Bf4 cxd4 16. Qxd4 Rfd8 17. Qe3 Qb7+ 18. Qf3 Qxf3+ 19. Kxf3 Rac8 20. Rxd8+ Bxd8 21. Rd1 Be7 22. b3 Kf8 23. g4 Ke8 24. h4 h6 25. h5 a6 26. a4 Rd8 27. Rxd8+ Bxd8 28. Nc6 Nd7 29.
b4 a5 30. bxa5 bxa5 31. Bd2 Bc7 32. Ke4 Nc5+ 33. Kd4 Nxa4 34. Bxa5 Bxa5 35. Nxa5 Kd7 36. c5 Nb2 37. f3 Nd1 38. Nc4 f6 39. Nd6 Nf2 40. Ke3 Nh3 41. f4 Kc6 42. Ne8 Kxc5 43.
Nxg7 Kd6 44. Kf3 Ke7 45. Kg3 Ng1 46. g5 fxg5 47. fxg5 hxg5 48. Kg4 Kf7 49. h6 Kg6 50. Nxe6 Kxh6 51. Nxg5 1/2-1/2

[Event "*** SCC Grand Prix: Titled Tuesday Blitz"]
[Site "Chess.com"]
[Date "2020.06.23"]
[Round "10"]
[White "BillieKimbah"]
[Black "viditchess"]
[Result "1-0"]
[WhiteElo "2890"]
[BlackElo "3016"]
[TimeControl "180+1"]
[EndTime "11:58:32 PDT"]
[Termination "BillieKimbah won by resignation"]

1. d4 Nf6 2. Nf3 d5 3. Bg5 Ne4 4. Bf4 Bf5 5. e3 e6 6. Nbd2 Bd6 7. Bd3 Bxf4 8. exf4 Nd6 9. Qe2 O-O 10. O-O Nd7 11. c3 c5 12. Bxf5 Nxf5 13. dxc5 Nxc5 14. Nb3 Ne4 15. Nbd4 Nfd6 16. g3 Qc7 17. Rfe1 Rfe8 18. h4 Rad8 19. Rad1 Nc4 20. Ng5 Nf6 21. Rc1 a6 22. Ngf3 Ne4 23. Ng5 Nf6 24. Ngf3 b5 25. Ne5 Rc8 26. Nd3 Qb6 27. Kg2 a5 28. a3 Nd6 29. f3 Rc4 30. Ne5 Rc7 31. Nd3 Nc4 32. Rcd1 Rce7 33. Ne5 Rc8 34. Nd3 Ree8 35. Qf2 Qb7 36.
Nb3 Nd7 37. Nd4 Qb6 38. h5 h6 39. g4 Qb8 40. Qg3 Nf6 41. Re2 b4 42. axb4 axb4 43. Nxb4 Qd6 44. Nd3 Rb8 45. b3 Na5 46. b4 Nc4 47. Rh1 Nh7 48. Rhe1 Nf6 49. f5 Qxg3+ 50.
Kxg3 exf5 51. Rxe8+ Nxe8 52. Nxf5 Kf8 53. Nc5 Nf6 54.
Ra1 Re8 55. Ra7 Ne5 56. b5 Rc8 57. b6 Rxc5 58. Ra8+ Ne8 59. b7 Nd7 60. Rd8 Rc7 61. Rxd7 Rxd7 62. b8=Q 1-0

[Event "*** SCC Grand Prix: Titled Tuesday Blitz"]
[Site "Chess.com"]
[Date "2020.06.23"]
[Round "10"]
[White "chenxiaoyuer"]
[Black "Semetey"]
[Result "1-0"]
[WhiteElo "2407"]
[BlackElo "2526"]
[TimeControl "180+1"]
[EndTime "11:58:35 PDT"]
[Termination "chenxiaoyuer won by checkmate"]

1. e4 g6 2. d4 Bg7 3. Nf3 d6 4. Nc3 Nf6 5. Be2 O-O 6. O-O Nc6 7. h3 e5 8. Be3 exd4 9. Nxd4 Re8 10. Nxc6 bxc6 11.
Bf3 Nd7 12. Qd2 Rb8 13. Na4 c5 14. Rad1 Ne5 15. Be2 Bd7 16. b3 Bxa4 17. bxa4 Qc8 18. c3 a6 19. f4 Nc6 20. f5 Rxe4 21. fxg6 hxg6 22. Bf3 Qe6 23. Bxe4 Qxe4 24. Bf2 Qxa4 25. Qd5 Ne5 26. Bg3 Rf8 27. Rf2 Nc4 28. Rf3 Bd4+ 29. Rxd4 cxd4 30. Qxd4 Nb6 31. Qf6 Qe4 32. Rf4 Qe6 33.
Qd4 Nd5 34. Rh4 Qe3+ 35. Qxe3 Nxe3 36. Bf2 Nf5 37. Ra4 Ra8 38. c4 c5 39. Ra5 Kf8 40. g4 Ng7 41. Bg3 Ke7 42. Kf2 Ne6 43. Ke3 g5 44. Ke4 f6 45. Kd5 Nc7+ 46. Kc6 Ra7 47.
Kb6 Ra8 48. Kxc7 Ke6 49. Bxd6 Ra7+ 50. Kc6 Rd7 51. Bxc5 Rd3 52. Rxa6 Rxh3 53. Bb6 Rg3 54. c5 Rxg4 55. Kc7 Rc4 56. c6 g4 57. Kb7 f5 58. c7 Kd7 59. Ra8 f4 60. Rd8+ Ke6 61.
c8=Q+ Rxc8 62. Rxc8 g3 63. Rg8 Kf5 64. a4 Ke4 65. a5 Kf3 66. a6 g2 67. Rxg2 Kxg2 68. a7 f3 69. a8=Q f2 70. Bxf2 Kxf2 71. Kc6 Ke2 72.
Kd5 Kd2 73. Ke4 Ke2 74. Qa3 Kf2 75. Qd3 Kg2 76. Qf3+ Kh2 77. Qg4 Kh1 78. Kf3 Kh2 79.
Qg2# 1-0

[Event "*** SCC Grand Prix: Titled Tuesday Blitz"]
[Site "Chess.com"]
[Date "2020.06.23"]
[Round "10"]
[White "Savva09022009"]
[Black "UKR_Master"]
[Result "1-0"]
[WhiteElo "2450"]
[BlackElo "2315"]
[TimeControl "180+1"]
[EndTime "11:58:37 PDT"]
[Termination "Savva09022009 won by checkmate"]

1. d4 Nf6 2. Nc3 d5 3. Bf4 c5 4. e3 Nc6 5. Nb5 e5 6. dxe5 Ne4 7. Qxd5 Qa5+ 8. c3 Bf5 9. Bc4 Bg6 10. e6 fxe6 11. Qxe6+ Be7 12. Nc7+ Kf8 13. Nxa8 Nxc3 14.
Bc7 Qb4 15. Qc8+ Nd8 16. bxc3 Qxc3+ 17. Ke2 Qxc4+ 18. Ke1 Qc3+ 19. Ke2 Qc2+ 20. Kf3 Qe4+ 21. Ke2 Qc4+ 22. Kf3 Qd5+ 23. Ke2 Bd3+ 24. Ke1 Bf6 25. Rc1 c4 26. Bxd8 Bxd8 27. Nc7 Qd6 28. Ne6+ Kf7 29.
Nxd8+ Rxd8 30. Qxb7+ Kf6 31. Qf3+ Ke7 32. Ne2 Qb4+ 33.
Nc3 Rb8 34. Kd1 Qb2 35. Qg3 Qb7 36. Qxg7+ Kd6 37. Qxb7 Rxb7 38. Kd2 Rb2+ 39. Kd1 Rxf2 40. Re1 Rxg2 41. e4 Ke5 42. Nd5 Kd4 43. e5 Bg6 44. e6 Bh5+ 45. Re2 Rxe2 46. Nf4 Rxh2+ 47. Ke1 Rh1+ 48.
Kf2 Rxc1 49. Ne2+ Bxe2 50. Kxe2 Ra1 51. e7 Rxa2+ 52. Kf3 c3 53. e8=Q Rd2 54. Qd7+ Kc4 55. Qc6+ Kb3 56. Qb5+ Kc2 57. Qa4+ Kd3 58. Qb5+ Kc2 59.
Qa4+ Kc1 60. Qa3+ Kd1 61. Qxc3 Rc2 62. Qa1+ Rc1 63. Qxa7 Rc3+ 64. Ke4 Rc4+ 65. Kd3 Rc1 66. Qg1# 1-0

[Event "*** SCC Grand Prix: Titled Tuesday Blitz"]
[Site "Chess.com"]
[Date "2020.06.23"]
[Round "10"]
[White "RaunakSadhwani2005"]
[Black "DenLaz"]
[Result "1-0"]
[WhiteElo "2884"]
[BlackElo "2710"]
[TimeControl "180+1"]
[EndTime "11:58:40 PDT"]
[Termination "RaunakSadhwani2005 won by resignation"]

1. e4 e5 2. Nc3 Nf6 3. g3 d5 4.
exd5 Nxd5 5. Bg2 Nxc3 6. bxc3 Nc6 7. d3 Bd6 8. Nf3 O-O 9. O-O Bg4 10. h3 Bh5 11. g4 Bg6 12. Ng5 Be7 13. Ne4 f5 14. gxf5 Bxf5 15. Rb1 Rb8 16. Be3 Qd7 17. Kh2 b6 18. Rg1 Nd8 19. Ng3 Bg6 20. Qg4 Qxg4 21.
hxg4 Ne6 22. Bd5 Bf7 23. Ne4 Rbd8 24. Bb3 Nf4 25. Bxf4 exf4 26. Kg2 Bxb3 27. axb3 f3+ 28. Kg3 Bd6+ 29. Nxd6 Rxd6 30. Rbe1 Rg6 31. Rh1 a5 32. Re3 Rgf6 33. Rh5 Ra8 34. c4 a4 35. bxa4 Rxa4 36. Rd5 h6 37. c5 Ra2 38. cxb6 cxb6 39. c4 Kh7 40. Rxf3 Rg6 41. Rf8 Ra1 42. f3 Rg1+ 43.
Kf2 Rd1 44. Rdd8 Re6 45. f4 Rf6 46. Rxf6 gxf6 47. f5 h5 48. gxh5 Kh6 49. Rd6 Kxh5 50. Ke2 Rb1 51. Rxf6 Kg5 52. Rf8 Rh1 53. f6 Kg6 54. f7 Rb1 55. Kd2 Kg7 56. Kc2 Rb4 57. Ra8 Kxf7 58. Ra3 b5 59. Rb3 Rxb3 60. Kxb3 bxc4+ 61. Kxc4 Ke6 62. Kc5 Kd7 63. Kd5 Ke7 64. Kc6 Ke8 65.
Kc7 Ke7 66. d4 Ke6 67. Kc6 Ke7 68. d5 Kd8 69. Kd6 Kc8 70. Ke7 Kc7 71. d6+ Kb6 72. d7 Kc5 73. d8=Q 1-0

[Event "*** SCC Grand Prix: Titled Tuesday Blitz"]
[Site "Chess.com"]
[Date "2020.06.23"]
[Round "10"]
[White "Chigorinetz"]
[Black "CalinGheorghiu"]
[Result "1-0"]
[WhiteElo "2544"]
[BlackElo "2394"]
[TimeControl "180+1"]
[EndTime "11:58:40 PDT"]
[Termination "Chigorinetz won by checkmate"]

1. e4 c5 2. Nc3 d6 3. Nf3 Nf6 4. e5 dxe5 5. Nxe5 Nbd7 6. d4 e6 7. Bb5 Qb6 8. Be3 cxd4 9. Bxd4 Bc5 10. Nxd7 Bxd7 11. Bxd7+ Nxd7 12. Bxc5 Qxc5 13. O-O Nf6 14.
Qf3 O-O 15. Rad1 b5 16. a3 Rfd8 17. Rxd8+ Rxd8 18. Rd1 Rxd1+ 19. Qxd1 Nd5 20. Nxd5 exd5 21. c3 g6 22. g3 h5 23. Kg2 a5 24. Qe2 b4 25. Qe8+ Kg7 26. axb4 axb4 27. Qe5+ Kh7 28.
Qf4 bxc3 29. Qxf7+ Kh6 30. Qf4+ Kh7 31. Qf7+ Kh6 32. bxc3 Qc6 33. Qf4+ Kh7 34. Qf7+ Kh6 35. Qf4+ Kh7 36. Qd4 Qe6 37. h3 Qf5 38. Qa7+ Kh6 39.
Qe3+ Kh7 40. Qd4 Qg5 41. Qa7+ Kg8 42. Qb8+ Kh7 43. Qc7+ Kg8 44. Qc8+ Kh7 45. Qc7+ Kg8 46. Qf4 Qxf4 47. gxf4 Kf7 48. Kf3 Kf6 49. Ke3 Kf5 50.
Kd4 Kxf4 51. Kxd5 g5 52. c4 g4 53. hxg4 hxg4 54. c5 Kf3 55. c6 Kxf2 56. c7 g3 57. c8=Q g2 58. Qf5+ Kg1 59. Ke4 Kh1 60. Qh5+ Kg1 61. Ke3 Kf1 62. Qf3+ Ke1 63. Qe2# 1-0

[Event "*** SCC Grand Prix: Titled Tuesday Blitz"]
[Site "Chess.com"]
[Date "2020.06.23"]
[Round "10"]
[White "m_ezat"]
[Black "chigorin28"]
[Result "0-1"]
[WhiteElo "2535"]
[BlackElo "2443"]
[TimeControl "180+1"]
[EndTime "11:58:45 PDT"]
[Termination "chigorin28 won by resignation"]

1. d4 Nf6 2. c4 c5 3. d5 b5 4.
cxb5 a6 5. Nc3 g6 6. e4 d6 7. bxa6 Bxa6 8. Bxa6 Nxa6 9. Nf3 Bg7 10.
O-O O-O 11. e5 dxe5 12. Nxe5 Nb4 13. Re1 Nfxd5 14. Nxd5 Qxd5 15. Qxd5 Nxd5 16. Nc6 e6 17. a4 Rfc8 18. Ne5 Nb4 19. Re2 Rd8 20. Bg5 f6 21. Bh4 fxe5 22. Bxd8 Rxd8 23. a5 Rd6 24. g3 Kf7 25. Kg2 Kf6 26. Re4 Ra6 27. Rc4 Bf8 28. Ra3 Bd6 29. Rf3+ Ke7 30. Rh4 h5 31. Ra3 Nc6 32.
Rha4 Bc7 33. Rc3 Kd6 34. g4 Nd4 35. gxh5 gxh5 36. Rh3 Ne2 37. Kf1 Nf4 38. Rha3 Kc6 39. Re3 Kb5 40. b3 Rd6 41. a6 Rxa6 42. Rxa6 Kxa6 43.
h4 Kb5 44. Re4 Kc6 45. f3 Kd5 46. Kf2 Bd8 47. Kg3 Ng6 48. Ra4 Bxh4+ 49. Kh3 Bg5 50. Ra8 Nf4+ 51. Kg3 h4+ 52. Kg4 Be7 53. Re8 Kd6 54.
Ra8 Ne2 55. Ra6+ Kd7 56. Ra7+ Ke8 57. Ra8+ Kf7 58. Rb8 Nd4 59. b4 cxb4 60. Rb7 Kf6 61. Kxh4 Nxf3+ 62. Kg4 Nd4 63. Kg3 Bd6 64. Kg4 Bf8 65. Rb6 Nf5 66. Rb8 Be7 67. Kf3 Nd6 68.
Rxb4 e4+ 69. Kg4 Ke5 70. Rb8 Kd5 71. Kf4 Bf6 72. Ra8 Be5+ 73. Ke3 Bd4+ 74. Ke2 Bc5 75. Ra6 Nc4 76. Ra8 Nd6 77. Ra1 Nf5 78. Rd1+ Ke5 79.
Rc1 Nd4+ 80. Ke3 Nb3+ 81. Rxc5+ Nxc5 82. Kd2 Kd4 0-1

[Event "*** SCC Grand Prix: Titled Tuesday Blitz"]
[Site "Chess.com"]
[Date "2020.06.23"]
[Round "10"]
[White "angryhorse9"]
[Black "Escanor89"]
[Result "0-1"]
[WhiteElo "2446"]
[BlackElo "2561"]
[TimeControl "180+1"]
[EndTime "11:58:46 PDT"]
[Termination "Escanor89 won by checkmate"]

1. e4 c5 2. Nf3 d6 3. Bb5+ Bd7 4.
Bxd7+ Nxd7 5. c4 Ngf6 6. Nc3 Rc8 7. O-O e6 8. b3 a6 9. Bb2 Be7 10. d4 cxd4 11. Nxd4 O-O 12. Rc1 Qa5 13. Qd2 Rfe8 14. Rfd1 Qh5 15. f3 Qc5 16. Kh1 Ne5 17. Nde2 Ng6 18. Nf4 Nxf4 19. Qxf4 h6 20. Qd2 Red8 21. Na4 Qc6 22. Nc3 Nd7 23. Ne2 Qc7 24. Bc3 Nc5 25. Nd4 Bf8 26. Ba5 b6 27. Bc3 Nd7 28. Bb2 Qb7 29. Ne2 Nc5 30. Nf4 b5 31. cxb5 axb5 32. Nh5 e5 33. Ng3 Ne6 34. Rxc8 Qxc8 35. Nf5 Qa6 36.
a3 Qb7 37. Ne3 Nc5 38. b4 Ne6 39. Nd5 Rc8 40. Qd3 Rc6 41. h3 Rc4 42. Kh2 Qc6 43. Rd2 h5 44. h4 g6 45. Rd1 Kg7 46. Rd2 Nd4 47. Bxd4 Rxd4 48. Qe2 Kh7 49. Rxd4 exd4 50. Qd3 Qc4 51. Qd1 Bg7 52. Nf4 Be5 53. g3 Bxf4 54. gxf4 d3 55. Kg3 Qc2 56. Qg1 d2 57. Qa7 Qc4 58. f5 d1=Q 59. fxg6+ Kxg6 60. Qb8 Qg1+ 61.
Kf4 Qh2+ 62. Ke3 Qc3# 0-1

[Event "*** SCC Grand Prix: Titled Tuesday Blitz"]
[Site "Chess.com"]
[Date "2020.06.23"]
[Round "10"]
[White "MYMChessAcademy"]
[Black "C_K_G"]
[Result "1/2-1/2"]
[WhiteElo "2179"]
[BlackElo "1921"]
[TimeControl "180+1"]
[EndTime "11:58:47 PDT"]
[Termination "Game drawn - insufficient material"]

1. e4 c5 2. Nf3 d6 3. d4 cxd4 4. Nxd4 Nf6 5. Nc3 a6 6. Be2 e5 7. Nb3 Be7 8. Be3 Be6 9. g4 h5 10. g5 Ng4 11. Bd2 Qb6 12. Bxg4 hxg4 13. Be3 Qc7 14.
Qd2 Nd7 15. O-O-O Nb6 16. g6 fxg6 17. Nd5 Bxd5 18. exd5 Nc4 19. Qd3 Nxe3 20. Qxg6+ Kf8 21. fxe3 Rh6 22. Rdf1+ Bf6 23. Rxf6+ gxf6 24. Qxh6+ Qg7 25.
Qh4 Rc8 26. Rf1 Ke7 27. Rg1 Qg6 28. Qf2 Rc4 29. h3 f5 30. hxg4 Rxg4 31. Rf1 f4 32. exf4 Rxf4 33. Qe2 Rxf1+ 34. Qxf1 e4 35. Qe2 Qg1+ 36.
Kd2 Qg5+ 37. Qe3 Qxd5+ 38. Nd4 Kd7 39. Qh3+ Kc7 40. c3 Qc4 41. Ne6+ Kb6 42. Qe3+ Kc6 43.
Nd4+ Kc7 44. b3 Qd5 45. Kc2 b5 46. Qh6 Qe5 47. Qh7+ Kb6 48. Qh3 e3 49. Qf1 Qh2+ 50.
Qe2 Qf2 51. Kd3 Qg1 52. Qh5 Qb1+ 53. Kxe3 Qxa2 54. Qh6 Qa3 55. Nf5 Qc1+ 56. Ke4 Qxh6 57.
Nxh6 a5 58. Nf5 a4 59. bxa4 bxa4 60. Kd3 Kc5 61. Kc2 Kc4 62. Kb2 d5 63. Nd6+ Kc5 64. Nf5 Kc4 65. Ne3+ Kc5 66. Ka3 d4 67. cxd4+ Kxd4 68. Nf5+ Ke5 69. Ng3 Kf4 70. Ne2+ Ke3 71. Nc3 Kd3 72.
Nb5 Kc4 73. Nd6+ Kc5 74. Nf7 Kd5 75. Nh8 Ke6 76. Ng6 Kf6 77. Nh4 Kg5 78. Nf3+ Kf4 79. Nd2 Ke3 80. Nc4+ Kd4 81. Nb6 Kc5 82. Nxa4+ 1/2-1/2

[Event "*** SCC Grand Prix: Titled Tuesday Blitz"]
[Site "Chess.com"]
[Date "2020.06.23"]
[Round "10"]
[White "stanyga"]
[Black "ValentinDragnev"]
[Result "0-1"]
[WhiteElo "2619"]
[BlackElo "2745"]
[TimeControl "180+1"]
[EndTime "11:58:49 PDT"]
[Termination "ValentinDragnev won by resignation"]

1. d4 Nf6 2. c4 c5 3. d5 b5 4.
cxb5 a6 5. bxa6 g6 6. Nc3 Bg7 7. Nf3 d6 8. g3 O-O 9. Bg2 Nbd7 10. O-O Nb6 11. Rb1 Bf5 12. Ra1 Rxa6 13. Nd2 Qa8 14.
e4 Bg4 15. Qc2 Rb8 16. Rb1 Na4 17. Nd1 Bd7 18. b3 Nb6 19. Nc3 Ng4 20. Bb2 Ne5 21.
Rfd1 c4 22. bxc4 Nbxc4 23. Nxc4 Nxc4 24. Ba1 Rc8 25. Qe2 Ra3 26. Rdc1 h5 27. h3 Ra7 28. Rb3 Na5 29. Rbb1 Rac7 30. Qd2 Nc4 31. Qe1 Na3 32. Rb3 Nb5 33. Qd2 Nd4 34. Rb4 Qa7 35. Kh2 h4 36. Rcb1 hxg3+ 37. fxg3 Nf3+ 38. Bxf3 Bxc3 39. Bxc3 Rxc3 40.
Rb7 Qc5 41. Bg2 Rc2 42. Qe1 Rc7 43. Rxc7 Qxc7 44. Kh1 Qc8 45. Qf1 Rxa2 46. Rc1 Qb8 47. Qf4 Qb2 48. Rg1 Bxh3 49. Qf3 Bxg2+ 50. Rxg2 Qxg2+ 51. Qxg2 Rxg2 52. Kxg2 Kg7 53. Kf3 Kf6 54. Kf4 e6 55. g4 g5+ 56. Kf3 Ke5 57. dxe6 fxe6 58. Ke3 d5 59. exd5 exd5 60. Kd3 Kf4 0-1

[Event "*** SCC Grand Prix: Titled Tuesday Blitz"]
[Site "Chess.com"]
[Date "2020.06.23"]
[Round "10"]
[White "KubaGepard"]
[Black "chessplayer9919"]
[Result "1-0"]
[WhiteElo "2399"]
[BlackElo "2510"]
[TimeControl "180+1"]
[EndTime "11:58:49 PDT"]
[Termination "KubaGepard won by checkmate"]

1. d4 Nf6 2. Nf3 c5 3. d5 d6 4. Nc3 g6 5. e4 Bg7 6. Bb5+ Bd7 7.
a4 O-O 8. O-O a6 9. Be2 Bg4 10.
Nd2 Bxe2 11. Qxe2 Nbd7 12. Nc4 Ne8 13. a5 Nc7 14. Na4 Rb8 15. Bd2 Nb5 16. Nab6 Nxb6 17. axb6 e6 18. c3 Re8 19. Qd3 Qe7 20. Rfe1 Qd7 21.
g3 h5 22. h4 Rbd8 23. Bg5 Rc8 24. Rad1 e5 25. Qf3 f6 26. Bc1 f5 27. Bg5 Rf8 28. Qe2 f4 29. Kh2 Rf7 30. gxf4 exf4 31. f3 Re8 32. Rg1 Kh7 33. Qg2 Rg8 34. Bxf4 Bxc3 35. Qg5 Rxf4 36. Qxf4 Bg7 37. Qg5 Bh6 38.
Qf6 Nd4 39. Nxd6 Ne2 40. Qf7+ Qxf7 41. Nxf7 Bf4+ 42. Kg2 Nxg1 43. Rxg1 Rf8 44. Ng5+ Bxg5 45. hxg5 Kg7 46. Kg3 Kf7 47. f4 Ke7 48. e5 Rd8 49. Rd1 c4 50. f5 gxf5 51. Kf4 h4 52. d6+ Ke6 53. Rh1 Rh8 54. g6 a5 55. Kg5 Kxe5 56. g7 Rg8 57. Kg6 Kxd6 58. Kf7 Rxg7+ 59.
Kxg7 Kc5 60. Rxh4 Kxb6 61. Rxc4 Kb5 62. Rf4 Kc5 63. Kf6 b5 64. Kxf5 a4 65. Ke4 b4 66.
Kd3 Kb5 67. Kc2 Kc5 68. b3 a3 69. Rf5+ Kd4 70. Rb5 a2 71. Kb2 a1=Q+ 72. Kxa1 Kc3 73. Ka2 Kd3 74. Rxb4 Kc3 75. Rc4+ Kd3 76. Rc1 Ke3 77. Rc8 Kf3 78. b4 Kg3 79. b5 Kh3 80. b6 Kg4 81. b7 Kf5 82. b8=Q Ke6 83. Re8+ Kd7 84. Qd8+ Kc6 85. Re6+ Kb5 86. Qd5+ Kb4 87. Re4+ Kc3 88. Qd4+ Kc2 89. Qf2+ Kc1 90. Re1# 1-0

[Event "*** SCC Grand Prix: Titled Tuesday Blitz"]
[Site "Chess.com"]
[Date "2020.06.23"]
[Round "10"]
[White "Kapitan_Bayan"]
[Black "Gurvich_Vitaly"]
[Result "1-0"]
[WhiteElo "2468"]
[BlackElo "2548"]
[TimeControl "180+1"]
[EndTime "11:58:51 PDT"]
[Termination "Kapitan_Bayan won on time"]

1. d4 Nf6 2. Nf3 g6 3. Bg5 Bg7 4. Nbd2 c5 5. e3 cxd4 6. exd4 O-O 7. c3 d5 8. Bd3 Nc6 9. O-O Qc7 10. Re1 Nh5 11.
a4 Nf4 12. Bf1 f6 13. Bh4 e5 14. dxe5 fxe5 15. Nb3 Bg4 16. Bg3 Rad8 17. Bxf4 Rxf4 18. Be2 Qd6 19. Nfd2 Be6 20. a5 a6 21. Nf1 Rdf8 22.
f3 d4 23. Nc1 Rd8 24. Nd3 Rff8 25. Nf2 Bd5 26. Ng3 Bh6 27. Nfe4 Be3+ 28. Kh1 Qe7 29. Bd3 Rf4 30. Nf1 Bxe4 31. Bxe4 Kg7 32. Nxe3 dxe3 33.
Qe2 Rd2 34. Qxe3 Rxb2 35. Bxc6 bxc6 36. Qxe5+ Qxe5 37. Rxe5 Rc4 38. Re3 Rc5 39. h4 Rc2 40. Ra3 Rd5 41. Kh2 Rdd2 42. Re7+ Kf6 43. Rc7 Rxg2+ 44.
Kh3 Rh2+ 45. Kg3 Rcg2+ 46. Kf4 Rxh4+ 47. Ke3 Rc4 48. Kd3 Rc5 49. Kd4 Rgg5 50. f4 Rgd5+ 51. Ke4 Rc4+ 52. Kf3 h5 53. Ra7 Rf5 54. Rxa6 Rfxf4+ 55. Ke3 g5 56. Rb6 Rfe4+ 57. Kd3 Rh4 58. a6 Rcg4 59. a7 Rg3+ 60. Kc2 Rh2+ 61. Kb3 Rg1 62.
Rxc6+ Kf5 63. a8=Q Rb1+ 64. Ka4 Rh4+ 65. Ka5 Re4 66. Qc8+ Kf4 67. Rc5 Ke3 68. Rc4 Re5+ 69.
Rc5 Re4 70. Qc6 Rb8 71. c4+ Kf2 72. Rb5 1-0

[Event "*** SCC Grand Prix: Titled Tuesday Blitz"]
[Site "Chess.com"]
[Date "2020.06.23"]
[Round "10"]
[White "petrkostenko"]
[Black "eCztery"]
[Result "1/2-1/2"]
[WhiteElo "2526"]
[BlackElo "2390"]
[TimeControl "180+1"]
[EndTime "11:58:51 PDT"]
[Termination "Game drawn - insufficient material"]

1. e4 c5 2. Nf3 g6 3. d4 cxd4 4. Qxd4 Nf6 5. Nc3 Nc6 6. Qa4 d6 7. e5 dxe5 8. Nxe5 Bg7 9. Bb5 O-O 10. Nxc6 bxc6 11. Bxc6 Rb8 12. O-O Qb6 13. Bf3 Bd7 14. Qh4 Bc6 15. Bxc6 Qxc6 16. Re1 a5 17. a3 e6 18. Qa4 Qxa4 19. Nxa4 Nd5 20. c4 Nb6 21. Nxb6 Rxb6 22. Bd2 Bxb2 23. Bxa5 Ra6 24. Ra2 Rxa5 25.
Rxb2 Rxa3 26. Rc1 Rc8 27. Kf1 Rc5 28. Ke2 Kf8 29. g3 Ke7 30. Rb7+ Kf6 31. Rc2 h5 32. h4 Ra4 33. Kd3 e5 34. Rb6+ Kf5 35. f3 Ra3+ 36. Rc3 Ra1 37. Rb5 Rc8 38. f4 f6 39.
fxe5 fxe5 40. c5 e4+ 41. Kd4 Rd1+ 42. Kc4 Rcd8 43. Rbb3 Ke5 44. c6 Kd6 45. Kb5 Rb8+ 46. Kc4 Rxb3 47. Kxb3 Kc7 48. Kb4 Rd5 49. Kb3 Rd6 50. Rc4 Rd3+ 51. Rc3 Kb6 52. c7 Rxc3+ 53. Kxc3 Kxc7 54. Kd4 Kd6 55. Kxe4 Ke6 56. Kf4 Kf6 57. Ke4 Ke6 58. Kf4 Kf6 59. Kf3 Kf5 60. Kf2 Kg4 61.
Kg2 g5 62. hxg5 Kxg5 63. Kh3 Kf5 64. Kh4 Kg6 65. g4 hxg4 66. Kxg4 1/2-1/2